 Dungeon Crawl Stone Soup version 0.19-a0-1732-g0b18a7b (webtiles) character file.

779 Goblin1989 the Covert (level 7, 0/51 HPs)
             Began as a Vine Stalker Assassin on Sept 30, 2016.
             Was a Believer of Uskayaw.
             Succumbed to a water moccasin's poison
             ... on level 7 of the Dungeon.
             The game lasted 00:14:26 (3368 turns).

Goblin1989 the Covert (Vine Stalker Assassin)       Turns: 3368, Time: 00:14:27

Health: 0/51       AC: 23    Str: 14    XL:     7   Next: 85%
Magic:  6/8        EV:  2    Int: 16    God:    Uskayaw [**....]
Gold:   158        SH:  0    Dex: 17    Spells: 1 memorised, 4 levels left

rFire  . . .     SeeInvis .     a - +2 dagger (venom)
rCold  . . .     Gourm    .     (armour currently unavailable)
rNeg   + + +     Faith    .     (no shield)
rPois  +         Spirit   +     (helmet currently unavailable)
rElec  .         Dismiss  .     (cloak currently unavailable)
rCorr  .         Reflect  .     (gloves currently unavailable)
MR     .....     Harm     .     (boots currently unavailable)
Stlth  ++........ NoTele   +    (no amulet)
                                (no ring)
                                (no ring)

@: confused, brilliant, lethally poisoned (0 -> -23), tree-form, very slightly
contaminated, hasted, very quick
A: (fangs 0), regeneration 1, magic shield, (antimagic bite), no device heal 3,
rot immunity
a: Stomp, Line Pass, Renounce Religion


You were on level 7 of the Dungeon.
You worshipped Uskayaw.
Uskayaw was noncommittal.
You were not hungry.
You were a tree.
You visited 1 branch of the dungeon, and saw 5 of its levels.
You also visited: Sewer.

You collected 343 gold pieces.
You spent 185 gold pieces at shops.

Inventory:

Hand Weapons
 a - a +2 dagger of venom (weapon)
 b - a +0 blowgun {@w1}
 p - a +2 dagger of holy wrath
Missiles
 e - 22 poisoned needles
 f - 2 curare-tipped needles
Armour
 c - a +0 robe (melded)
 d - a +0 cloak (melded)
 v - a +0 pair of gloves (melded)
 x - a +0 helmet (melded)
 D - a +0 large shield
Jewellery
 q - a +3 ring of protection {unknown}
Wands
 y - a wand of polymorph (13/24)
Scrolls
 h - 4 scrolls of remove curse {unknown}
 j - 3 scrolls of teleportation {unknown}
 l - a scroll of random uselessness {unknown}
 n - 3 scrolls of identify {unknown}
 o - 3 scrolls of blinking {unknown}
 t - a scroll of magic mapping {unknown}
 w - a scroll of amnesia {unknown}
 E - a scroll of fear {unknown}
 F - a scroll of enchant armour
Potions
 i - a potion of lignification {!q}
 k - 3 potions of invisibility {unknown}
 r - a potion of agility {unknown}
 s - a potion of flight {unknown}
 G - a potion of resistance
Comestibles
 g - 3 bread rations
 C - 2 meat rations


   Skills:
 - Level 1.7 Fighting
 * Level 6.4 Short Blades
 - Level 1.7 Throwing
 - Level 0.7 Dodging
 + Level 8.2 Stealth


You had 4 spell levels left.
You knew the following spells:

 Your Spells              Type           Power        Failure   Level  Hunger
f - Repel Missiles        Chrm/Air       #.....       4%          2    ###....


Dungeon Overview and Level Annotations

Branches:
Dungeon (4/15)
 Temple: D:4-7

Altars:
Elyvilon
Nemelex Xobeh
Okawaru
Ru
Trog
Uskayaw
Zin

Shops:
D:4 *

Annotations:
D:2 Sigmund


Innate Abilities, Weirdness & Mutations

((You have extremely sharp teeth.))
Your natural rate of healing is unusually fast.
When hurt, damage is shared between your health and your magic reserves.
((Your bite disrupts and absorbs the magic of your enemies.))
Potions and wands cannot restore your health.
You are immune to rotting.


Message History

You kill the kobold!
* * * LOW HITPOINT WARNING * * *
You feel sick. The kobold barely misses you.
You swing at nothing.
* * * LOW HITPOINT WARNING * * *
You feel sick. The water moccasin bites you.
* * * LOW HITPOINT WARNING * * *
The kobold hits you but does no damage.
It was a potion of brilliance.
You feel clever all of a sudden.
* * * LOW HITPOINT WARNING * * *
You feel sick. The kobold hits you but does no damage.
The big kobold hits you but does no damage.
The kobold hits you but does no damage. The water moccasin bites you.
* * * LOW HITPOINT WARNING * * *
You are more poisoned.
The water moccasin poisons you!
You are more confused.
Your system rejects the healing.
You feel more invigorated.
You die...

ਜ .ਜਜ ਜਜਜਜਜਜਜ..ਜਜ
ਜਜ..........
ਜਜ...........
ਜਜ.KK.........
ਜਜਜ.KK♣.........
ਜ....S)K........
ਜ...............ਜ
................ਜ
...............ਜਜ
................ਜ
ਜ..........ਜਜਜ..ਜ
ਜਜਜ.$...ਜਜਜਜ ..ਜ
ਜ..ਜਜਜਜ ..ਜ


You could see a water moccasin, a big kobold and 4 kobolds.

Vanquished Creatures
  An ice beast (D:3)
  Purgy (Sewer)
  An ogre (D:4)
  A centaur (D:3)
  A hound (D:4)
  An iguana (D:4)
  2 orc wizards
  2 worker ants (D:4)
  Robin (D:3)
  15 adders
  5 worms
  A dart slug (D:1)
  A leopard gecko (D:2)
  12 orcs
  A ball python (D:2)
  12 bats
  4 giant cockroaches
  22 goblins
  7 hobgoblins
  9 jackals
  A quokka (D:3)
  3 frilled lizards
  11 kobolds
  8 rats
123 creatures vanquished.

Notes
Turn   | Place    | Note
-------+----------+-------------------------------------------
     0 | D:1      | Goblin1989 the Vine Stalker Assassin began the quest for the Orb.
     0 | D:1      | Reached XP level 1. HP: 11/11 MP: 2/2
   186 | D:1      | Reached skill level 5 in Stealth
   378 | D:1      | Reached XP level 2. HP: 15/15 MP: 3/3
   794 | D:2      | Reached XP level 3. HP: 18/18 MP: 4/4
  1123 | D:2      | Found a bloodstained altar of Trog.
  1124 | D:2      | Found a sacrificial altar of Ru.
  1125 | D:2      | Found a glowing silver altar of Zin.
  1136 | D:2      | Became a worshipper of Ru the Awakened
  1209 | D:2      | Found a sparkling altar of Nemelex Xobeh.
  1282 | D:2      | Gained mutation: Your natural rate of healing is unusually fast. [Vine Stalker growth]
  1282 | D:2      | Reached XP level 4. HP: 18/23 MP: 3/5
  1353 | D:2      | Found a hide-covered altar of Uskayaw.
  1368 | D:2      | Reached skill level 6 in Stealth
  1372 | D:2      | Fell from the grace of Ru
  1372 | D:2      | Became a worshipper of Uskayaw the Reveler
  1386 | D:2      | Learned a level 2 spell: Repel Missiles
  1434 | D:2      | Noticed Sigmund
  1489 | D:3      | Reached * piety under Uskayaw
  1503 | D:3      | Reached ** piety under Uskayaw
  1668 | D:3      | Reached XP level 5. HP: 26/26 MP: 6/6
  1678 | D:3      | Noticed an ice beast
  1701 | D:3      | Killed an ice beast
  1786 | D:3      | Reached XP level 6. HP: 30/30 MP: 7/7
  1841 | D:3      | Found an iron altar of Okawaru.
  1841 | D:3      | Found a white marble altar of Elyvilon.
  1987 | D:3      | Reached skill level 5 in Short Blades
  1987 | D:3      | Reached skill level 7 in Stealth
  2233 | D:3      | Noticed Robin
  2249 | D:3      | Reached *** piety under Uskayaw
  2250 | D:3      | Killed Robin
  2257 | D:3      | Reached **** piety under Uskayaw
  2642 | D:4      | Found a glowing drain.
  2671 | D:4      | Reached XP level 7. HP: 26/34 MP: 8/8
  2710 | Sewer    | Entered a sewer
  2754 | Sewer    | Noticed Purgy
  2761 | Sewer    | Killed Purgy
  2996 | D:4      | Found Yleisybefa's General Store.
  3002 | D:4      | Reached skill level 8 in Stealth
  3050 | D:4      | Bought a scroll of enchant armour for 75 gold pieces
  3050 | D:4      | Bought a potion of resistance for 100 gold pieces
  3050 | D:4      | Bought a potion of degeneration for 10 gold pieces
  3347 | D:4      | You fall through a shaft for 3 floors!
  3367 | D:7      | HP: 2/51 [poisoned by a kobold]
  3368 | D:7      | Succumbed to a water moccasin's poison

Vault maps used:
D:1:      grunt_arrival_crossed_arrows, kennysheep_nondescript,
          minmay_misc_feat_chi
D:2:      nemelex_xobeh_ov_fountains_minmay, old_standard_altar, minitemple,
          uniq_sigmund
D:3:      kennysheep_goblin_castle, gammafunk_temple_overflow_statue
D:4:      gup_sewer_entry_glass, serial_shops, shop, first_bread
D:7:      kennysheep_seaside_town, grunt_ogre_cave, grunt_dithmenos_shadows
Sewer:    sewer_big_baddie

Skill      XL: |  1  2  3  4  5  6  7 |
---------------+----------------------+-----
Stealth        | 5 6 7 8 |  8.2
Short Blades   | 2 3 4 5 6 |  6.4
Fighting       | |  1.7
Throwing       | |  1.7
Dodging        | |  0.7

Action                   |  1- 3 |  4- 6 |  7- 9 || total
-------------------------+-------+-------+-------++-------
Melee: Dagger            |    55 |   179 |    59 ||   293
       Bite              |    12 |    38 |    16 ||    66
  Use: Potion            |       |       |     6 ||     6
 Stab: Sleeping          |     9 |    13 |     7 ||    29
       Distracted        |       |     2 |       ||     2
       Paralysed         |       |     1 |     1 ||     2
  Eat: Chunk             |     1 |     3 |     4 ||     8
Armor: Robe              |     6 |    44 |    11 ||    61
       Skin              |       |       |    10 ||    10
Dodge: Dodged            |    18 |   102 |    36 ||   156

Vault maps used:
D:1:      grunt_arrival_crossed_arrows, kennysheep_nondescript,
          minmay_misc_feat_chi
D:2:      nemelex_xobeh_ov_fountains_minmay, old_standard_altar, minitemple,
          uniq_sigmund
D:3:      kennysheep_goblin_castle, gammafunk_temple_overflow_statue
D:4:      gup_sewer_entry_glass, serial_shops, shop, first_bread
D:7:      kennysheep_seaside_town, grunt_ogre_cave, grunt_dithmenos_shadows
Sewer:    sewer_big_baddie
